 Dungeon Crawl Stone Soup version 0.20-a0-214-gb74cb0e (webtiles) character file.

326 Gorice the Bolt Thrower (level 6, -10/36 HPs)
             Began as a Kobold Arcane Marksman on Nov 27, 2016.
             Mangled by an ogre
             ... wielding a +0 giant club
              (23 damage)
             ... on level 4 of the Dungeon.
             The game lasted 00:13:28 (3307 turns).

Gorice the Bolt Thrower (Kobold Arcane Marksman)    Turns: 3307, Time: 00:13:29

Health: -10/36     AC:  8    Str: 11    XL:     6   Next: 79%
Magic:  7/7        EV:  7    Int: 14    God:
Gold:   85         SH:  0    Dex: 14    Spells: 6/7 levels left

rFire  . . .     SeeInvis .     b - +1 hand crossbow
rCold  . . .     Gourm    .     d - +0 chain mail
rNeg   . . .     Faith    .     (shield restricted)
rPois  .         Spirit   .     l - -2 helmet (curse)
rElec  .         Reflect  .     (no cloak)
rCorr  .         Harm     .     h - +0 pair of gloves
MR     .....                    (no boots)
Stlth  ..........               (no amulet)
                                (no ring)
                                o - ring of wizardry

@: no status effects
A: carnivore 3
a: no special abilities


You were on level 4 of the Dungeon.
You were very full.

You visited 1 branch of the dungeon, and saw 4 of its levels.

You collected 85 gold pieces.

Inventory:

Hand Weapons
 a - a +0 short sword
 b - a +1 hand crossbow (weapon)
 k - a +0 hunting sling
 p - a +0 flail
Missiles
 g - 51 bolts (quivered)
 Z - 106 stones
Armour
 d - a +0 chain mail (worn)
 e - a +0 robe
 h - a +0 pair of gloves (worn)
 j - a +0 ring mail
 l - a cursed -2 helmet (worn)
Jewellery
 o - a ring of wizardry (left hand)
Scrolls
 n - 2 scrolls of amnesia
 r - a scroll of remove curse
Potions
 i - a potion of invisibility {unknown}
 m - a potion of magic {unknown}
 q - a potion of haste {!q}
 s - a potion of heal wounds {!q}
 t - 3 potions of lignification {unknown}
Books
 c - a book of Debilitation
Comestibles
 f - 2 meat rations {!e}
 v - a slice of pizza


   Skills:
 + Level 2.3 Fighting
 - Level 1.8 Short Blades
 * Level 7.3 Crossbows
 - Level 2.5 Dodging
 - Level 1.1 Spellcasting
 - Level 3.0 Hexes


You had 6 spell levels left.
You knew the following spells:

 Your Spells              Type           Power        Failure   Level  Hunger
a - Corona                Hex            #......      99%         1    ##.....


Dungeon Overview and Level Annotations

Branches:
Dungeon (4/15)
 Temple: D:4-7

Altars:
Dithmenos

Shops:
D:4 *

Annotations:
D:3 UX: Drac ghost!!!, Xiguana's ghost, amateur DrCK


Innate Abilities, Weirdness & Mutations

You are small and have problems with some larger weapons.
You are carnivorous and can eat meat at any time.


Message History

t - 3 fizzy black potions (gained 1)
Found a stone staircase leading up.
Found 8 javelins.
Z - 106 stones (gained 25)
You open the door.
There is an open door here.
An ogre comes into view. It is wielding a giant club.
Firing (i - inventory. (,) - cycle):
g - 58 bolts (quivered)
Press: ? - help, Shift-Dir - straight line, f - ogre
Aim: an ogre, wielding a giant club You shoot a bolt.
The bolt hits the ogre.
The ogre is moderately wounded.
Firing (i - inventory. (,) - cycle):
g - 57 bolts (quivered)
Press: ? - help, Shift-Dir - straight line, f/p - ogre
Aim: an ogre, wielding a giant club (moderately wounded)
You shoot a bolt. The bolt hits the ogre.
The ogre is moderately wounded.
Firing (i - inventory. (,) - cycle):
g - 56 bolts (quivered)
Press: ? - help, Shift-Dir - straight line, f/p - ogre
Aim: an ogre, wielding a giant club (moderately wounded)
You shoot a bolt. The bolt hits the ogre!
The ogre is heavily wounded.
Firing (i - inventory. (,) - cycle):
g - 55 bolts (quivered)
Press: ? - help, Shift-Dir - straight line, f/p - ogre
Aim: an ogre, wielding a giant club (heavily wounded)
You shoot a bolt. The bolt completely misses the ogre.
The ogre barely misses you.
Firing (i - inventory. (,) - cycle):
g - 54 bolts (quivered)
Press: ? - help, Shift-Dir - straight line, f/p - ogre
Aim: an ogre, wielding a giant club (heavily wounded)
You shoot a bolt. The bolt hits the ogre.
The ogre is severely wounded.
The ogre closely misses you.
Firing (i - inventory. (,) - cycle):
g - 53 bolts (quivered)
Press: ? - help, Shift-Dir - straight line, f/p - ogre
Aim: an ogre, wielding a giant club (severely wounded)
You shoot a bolt. The bolt closely misses the ogre.
The ogre hits you with a giant club!!
Ouch! That really hurt!
* * * LOW HITPOINT WARNING * * *
Damage: 23 (max 23) Unknown command.
Firing (i - inventory. (,) - cycle):
g - 52 bolts (quivered)
Press: ? - help, Shift-Dir - straight line, f/p - ogre
Aim: an ogre, wielding a giant club (severely wounded)
You shoot a bolt. The bolt hits the ogre.
The ogre is almost dead.
The ogre hits you with a giant club!!
Ouch! That really hurt!
You die...

### ..# #.# #.# #.#
#.# #.######.#######
.....((O@.......
######.########
##'######
#.......############
#...................
#..............#####
#..............# #
#..............# ###
#..............# #..


You could see an ogre.

Vanquished Creatures
  An ogre (D:4)
  A scorpion (D:4)
  Natasha (thrice) (D:2)
  Robin (D:2)
  2 adders
  3 oozes (D:1)
  A worm (D:1)
  A dart slug (D:1)
  A ball python (D:1)
  14 bats
  4 giant cockroaches
  16 goblins
  9 hobgoblins
  3 jackals (D:1)
  A quokka (D:2)
  6 kobolds
  7 rats
74 creatures vanquished.

Notes
Turn   | Place    | Note
-------+----------+-------------------------------------------
     0 | D:1      | Gorice the Kobold Arcane Marksman began the quest for the Orb.
     0 | D:1      | Reached XP level 1. HP: 12/12 MP: 2/2
    64 | D:1      | Reached skill level 3 in Crossbows
    73 | D:1      | Reached XP level 2. HP: 16/16 MP: 3/3
   417 | D:1      | Reached skill level 4 in Crossbows
   417 | D:1      | Reached XP level 3. HP: 15/20 MP: 1/4
   949 | D:2      | Noticed Natasha
   955 | D:2      | Killed Natasha
   955 | D:2      | Reached skill level 5 in Crossbows
   955 | D:2      | Reached XP level 4. HP: 11/25 MP: 3/5
   993 | D:2      | Noticed Natasha
  1004 | D:2      | Killed Natasha
  1293 | D:2      | Noticed Robin
  1303 | D:2      | Killed Robin
  1303 | D:2      | Reached XP level 5. HP: 29/29 MP: 4/6
  1352 | D:2      | Reached skill level 6 in Crossbows
  1352 | D:2      | HP: 8/29 [poisoned by an adder]
  1497 | D:2      | Noticed Natasha
  1505 | D:2      | Killed Natasha
  1946 | D:1      | Reached skill level 1 in Short Blades
  2316 | D:2      | Reached XP level 6. HP: 30/34 MP: 7/7
  2709 | D:3      | Found a shadowy altar of Dithmenos.
  2882 | D:3      | Noticed Xiguana's ghost (amateur DrCK)
  2893 | D:4      | Found Hufyfani's Assorted Antiques.
  2920 | D:4      | Noticed an ogre
  2924 | D:4      | Killed an ogre
  2924 | D:4      | Reached skill level 2 in Fighting
  2924 | D:4      | Reached skill level 7 in Crossbows
  3299 | D:4      | Noticed an ogre
  3307 | D:4      | Mangled by an ogre

Vault maps used:
D:1:      lordsloth_arrival_two_stooges, serial_forest, infiniplex_forest_end_1,
          infiniplex_forest_zigzag_2, infiniplex_forest_zigzag_1,
          infiniplex_forest_end_2, infiniplex_forest_lined_3_way,
          infiniplex_forest_clump_cross, infiniplex_forest_clump_curved,
          infiniplex_forest_fountain, minmay_tetromino_s4
D:2:      fountainhead, uniq_robin, uniq_natasha
D:3:      nicolae_dithmenos_through_a_glass_darkly, old_standard_altar
D:4:      serial_shops, shop, nicolae_gozag_seed_capital

Skill      XL: |  1  2  3  4  5  6 |
---------------+-------------------+-----
Crossbows      | 3 4 5 6 7 |  7.3
Short Blades   | 1 |  1.8
Fighting       | 2 |  2.3
Dodging        | |  2.5
Spellcasting   | |  1.1
Hexes          | |  3.0

Action                   |  1- 3 |  4- 6 || total
-------------------------+-------+-------++-------
Melee: Short sword       |       |   142 ||   142
 Fire: Hand crossbow     |    67 |    53 ||   120
 Cast: Corona            |    20 |    14 ||    34
  Use: Scroll            |     4 |     4 ||     8
       Potion            |       |     1 ||     1
  Eat: Chunk             |     9 |     8 ||    17
Armor: Robe              |     5 |       ||     5
       Ring mail         |     9 |    30 ||    39
       Chain mail        |       |    64 ||    64
Dodge: Dodged            |    29 |   120 ||   149

Table legend:
 A = Turns spent in this place as a percentage of turns spent in the entire game.
 B = Non-inter-level travel turns spent in this place as a percentage of non-inter-level travel turns spent in the entire game.
 C = Inter-level travel turns spent in this place as a percentage of turns spent in this place.
 D = Turns resting spent in this place as a percentage of non-inter-level travel turns spent in this place.
 E = Turns spent auto-exploring this place as a percentage of non-inter-level travel turns spent in this place.
 F = Non-inter-level travel turns spent in this place divided by the number of levels of this place that you've seen.
                   A       B       C       D       E      F
               +-------+-------+-------+-------+-------+----------------------
         Total | 100.0 | 100.0 |   0.6 |   2.4 |   6.0 | 268.2
       Dungeon | 100.0 | 100.0 |   0.6 |   2.4 |   6.0 | 268.2
               +-------+-------+-------+-------+-------+----------------------

Vault maps used:
D:1:      lordsloth_arrival_two_stooges, serial_forest, infiniplex_forest_end_1,
          infiniplex_forest_zigzag_2, infiniplex_forest_zigzag_1,
          infiniplex_forest_end_2, infiniplex_forest_lined_3_way,
          infiniplex_forest_clump_cross, infiniplex_forest_clump_curved,
          infiniplex_forest_fountain, minmay_tetromino_s4
D:2:      fountainhead, uniq_robin, uniq_natasha
D:3:      nicolae_dithmenos_through_a_glass_darkly, old_standard_altar
D:4:      serial_shops, shop, nicolae_gozag_seed_capital
